[Event "*** Titled Tuesday Blitz"]
[Site "Chess.com"]
[Date "2020.11.03"]
[Round "10"]
[White "XDPS"]
[Black "Sebastian"]
[Result "0-1"]
[WhiteElo "2670"]
[BlackElo "2878"]
[TimeControl "180+1"]
[EndTime "12:00:21 PST"]
[Termination "Sebastian won on time"]

1. e4 e5 2. Nf3 Nc6 3. Bb5 Nf6 4. O-O Nxe4 5. d4 Nd6 6. Bxc6 dxc6 7. dxe5 Nf5 8.
Qxd8+ Kxd8 9. Nc3 h6 10. h3 Bd7 11. Rd1 Kc8 12. Ne4 c5 13. g4 Bc6 14. Re1 Nd4 15.
Nxd4 cxd4 16. Ng3 Bf3 17. Bd2 Kd7 18. c3 dxc3 19. Bxc3 Re8 20. Re3 Bc6 21. f4 Kc8 22. b4 Rd8 23. a3 Rg8 24. Rae1 g6 25. Ne2 Be7 26. Nd4 Bd5 27. Kh2 Bh4 28. R1e2 Bc4 29. Rd2 Rge8 30. Kg2 b6 31. Nf3 Rxd2+ 32. Bxd2 Be7 33.
Kg3 Rd8 34. Bc3 Rd3 35. Rxd3 Bxd3 36. Kf2 Kd7 37. Ke3 Bf1 38. h4 Bh3 39. g5 h5 40.
Nd4 a6 41. f5 Bxf5 42. Nxf5 gxf5 43. Kf4 Ke6 44. Bd4 c5 45. Bc3 cxb4 46. axb4 Bd8 47. Bd4 a5 48. bxa5 bxa5 49. Bc3 a4 50. Bb2 Bc7 51. Bc3 a3 52. Ba1 a2 53. Bb2 Bb6 54.
Kf3 Bc5 55. Kf4 Bf2 56. g6 fxg6 57. Kg5 Bg3 58. Kxg6 Bxe5 59. Bxe5 Kxe5 0-1

[Event "*** Titled Tuesday Blitz"]
[Site "Chess.com"]
[Date "2020.11.03"]
[Round "10"]
[White "vova-79"]
[Black "esapunov"]
[Result "0-1"]
[WhiteElo "2493"]
[BlackElo "2632"]
[TimeControl "180+1"]
[EndTime "12:00:21 PST"]
[Termination "esapunov won on time"]

1. d4 Nf6 2. c4 g6 3. Nc3 Bg7 4. Nf3 O-O 5. g3 d6 6. Bg2 Nc6 7. O-O Bf5 8. d5 Na5 9. Nd4 Bd7 10. b3 c5 11. dxc6 bxc6 12. e3 Rb8 13. Bd2 c5 14.
Nde2 Nc6 15. Nf4 e6 16. Rc1 a6 17. Qe2 Qc7 18. Rfd1 Nb4 19. Be1 Rfd8 20. Nd3 Bc6 21. Nxb4 cxb4 22. Bxc6 Qxc6 23. Na4 Nd7 24. e4 Nc5 25.
Nxc5 dxc5 26. f3 Bd4+ 27. Bf2 e5 28. Bxd4 exd4 29. Qd3 a5 30. f4 f6 31. Re1 Re8 32. Re2 Re7 33. Rce1 Rbe8 34. Kf2 a4 35. Kg1 a3 36.
Kf2 Kg7 37. Kg1 h6 38. Kf2 g5 39. Kg1 Qd6 40. Rf1 Qd7 41. Kg2 Qg4 42. h3 Qh5 43. g4 Qg6 44. fxg5 hxg5 45. Rf5 Re5 46. Ref2 R8e6 47. Rxe5 Rxe5 48. Rf5 Qe8 49. Kf3 Qe7 50.
Qc2 Rxf5+ 51. gxf5 Qe5 52. Qd2 Kh7 53. h4 gxh4 54.
Qf2 Qg3+ 55. Qxg3 hxg3 56. Kxg3 Kg7 57. Kf3 Kf7 58. Kf4 Ke7 59. Kf3 Kd7 60. Kg3 Kc7 61. Kf2 Kd6 0-1

[Event "*** Titled Tuesday Blitz"]
[Site "Chess.com"]
[Date "2020.11.03"]
[Round "10"]
[White "yourstrulyme"]
[Black "levallem"]
[Result "0-1"]
[WhiteElo "2394"]
[BlackElo "2245"]
[TimeControl "180+1"]
[EndTime "12:00:22 PST"]
[Termination "levallem won on time"]

1. Nf3 c5 2. g3 Nc6 3. Bg2 b6 4. O-O Bb7 5. d3 Nf6 6. e4 d6 7. Re1 e6 8. Nbd2 Be7 9. Nc4 O-O 10. a4 Re8 11. Bf4 e5 12. Bg5 Ng4 13. Bd2 Bc8 14.
h3 Nf6 15. Bg5 Be6 16. c3 Qc7 17. Bxf6 Bxf6 18. Ne3 Rad8 19. h4 Ne7 20. Ng5 h6 21. Nxe6 fxe6 22. Bh3 Nc6 23. Qb3 Qf7 24. Kg2 d5 25.
Rad1 Na5 26. Qa2 Re7 27. b4 Nb7 28. a5 d4 29. Nc4 dxc3 30. a6 Nd6 31. bxc5 Nxc4 32.
Qxc4 Rc8 33. c6 Qe8 34. Qxc3 Rxc6 35. Qb3 Qc8 36. Re2 Qxa6 37. Rc2 Qb7 38. Rdc1 Rxc2 39. Rxc2 Kh7 40. Bxe6 a5 41. h5 Re8 42. Bf5+ Kh8 43.
Qb5 Qe7 44. Rc6 Rb8 45. Qc4 Qd8 46. Qb5 Kg8 47. Be6+ Kh8 48. Bf7 Qe7 49. Bd5 Qd8 0-1

[Event "*** Titled Tuesday Blitz"]
[Site "Chess.com"]
[Date "2020.11.03"]
[Round "10"]
[White "ZverevLev"]
[Black "Heineccius"]
[Result "1-0"]
[WhiteElo "2310"]
[BlackElo "2522"]
[TimeControl "180+1"]
[EndTime "12:00:24 PST"]
[Termination "ZverevLev won on time"]

1. e4 c5 2. Nf3 e6 3. d4 cxd4 4. Nxd4 Nc6 5. Nc3 Qc7 6. Be3 a6 7. f4 b5 8. Qd2 Bb7 9. O-O-O Nf6 10. e5 b4 11. exf6 bxc3 12. Qxc3 gxf6 13. Be2 Rc8 14. Kb1 Be7 15. a3 Rg8 16. Bf3 Nxd4 17. Qxd4 Bxf3 18. gxf3 Rg2 19. c3 Qb7 20. Qb6 Qxb6 21. Bxb6 Rc4 22. Rhg1 Rxg1 23. Rxg1 d6 24. Be3 f5 25. Rg8+ Bf8 26. Rh8 Ke7 27. Kc2 Rc8 28. Rxh7 Kf6 29. Rh3 e5 30. fxe5+ dxe5 31. f4 e4 32. Bd4+ Ke6 33.
Rg3 Be7 34. h3 Rf8 35. Be3 f6 36. Kd2 Rh8 37. b4 Bd6 38. Kc2 Rh4 39. c4 Bxf4 40.
Bxf4 Rxf4 41. c5 Rf2+ 42. Kd1 f4 43. Rg8 e3 44. Rd8 f3 45. Re8+ Kd5 46. Rxe3 Kd4 47. Rb3 Ra2 48. Rxf3 1-0

[Event "*** Titled Tuesday Blitz"]
[Site "Chess.com"]
[Date "2020.11.03"]
[Round "10"]
[White "Mikhal867"]
[Black "geordie_derraugh"]
[Result "0-1"]
[WhiteElo "2343"]
[BlackElo "2431"]
[TimeControl "180+1"]
[EndTime "12:00:25 PST"]
[Termination "geordie_derraugh won on time"]

1. e4 c5 2. Nf3 e6 3. c3 d5 4.
e5 d4 5. cxd4 cxd4 6. Bc4 Nc6 7.
O-O Nge7 8. d3 Ng6 9. Re1 Bb4 10. Bd2 Qa5 11. a3 Bxd2 12. Qxd2 Qb6 13. b4 O-O 14.
h4 Qc7 15. Qg5 h6 16. Qg3 Nge7 17. Nbd2 Nf5 18. Qf4 Qe7 19. Ne4 Rd8 20. h5 b6 21.
g4 Nh4 22. Nfd2 Bb7 23. Nd6 Nxe5 24. Nxb7 Qxb7 25. Re4 Nxc4 26. Nxc4 f5 27. gxf5 exf5 28. Qxh4 fxe4 29. dxe4 d3 30. Ne5 d2 31. Rd1 Re8 32. Qf4 Rad8 33. f3 Qc7 34. Ng6 Qxf4 35. Nxf4 Re7 36.
Kf2 Rc7 37. Nd5 Rc2 38. Ke2 Ra2 39. Rxd2 Rxa3 40. Rd3 Ra2+ 41. Ke3 Kf7 42. f4 Re8 43. Kd4 Rh2 44. Ra3 a5 45. bxa5 bxa5 46. Rxa5 Rxh5 47.
Ra7+ Kf8 48. f5 Rh4 49. Ra6 Rhxe4+ 50. Kc5 R4e5 51. Kd4 Rxf5 52. Nc7 Rc8 53. Ne6+ Kf7 54. Ke4 Rf6 0-1

[Event "*** Titled Tuesday Blitz"]
[Site "Chess.com"]
[Date "2020.11.03"]
[Round "10"]
[White "picturesquecheck"]
[Black "sboshaon21"]
[Result "0-1"]
[WhiteElo "2117"]
[BlackElo "2038"]
[TimeControl "180+1"]
[EndTime "12:00:25 PST"]
[Termination "sboshaon21 won by resignation"]

1. e4 e5 2. Nf3 Nc6 3. Bc4 Be7 4.
O-O Nf6 5. Re1 O-O 6. c3 d6 7. Bb3 Na5 8. Bc2 c5 9. h3 Qc7 10. d4 Nc6 11. d5 Nb8 12. Nbd2 b5 13. a4 b4 14. c4 Re8 15. Nf1 Bf8 16. Ng3 g6 17. Bg5 Bg7 18. b3 Nbd7 19. Qd2 Bb7 20. Bh6 Bh8 21. h4 Ng4 22. h5 Nxh6 23. Qxh6 Bg7 24.
Qd2 Nf6 25. Bd1 Bc8 26. Nh2 Bd7 27. Bf3 a5 28. Rad1 h6 29. hxg6 fxg6 30. Nh1 Kh7 31.
g3 Rf8 32. Qe2 Rf7 33. Ng4 Nxg4 34. Bxg4 Bxg4 35. Qxg4 Raf8 36. Re2 h5 37. Qh3 Bh6 38. Rf1 Rf3 39. Rb2 R8f6 40. Qg2 Qf7 41. Rd1 Qd7 42. Qf1 Qg4 43. Rd3 h4 44. Rxf3 Rxf3 45. Qg2 h3 46. Qf1 Qh5 47. Kh2 Qg5 48. Qxh3 Qc1 49. Re2 Rxb3 50.
Qd7+ Bg7 51. g4 Qh6+ 52. Kg2 Qf4 53. Qf7 Qxf7 54. Ng3 Qf3+ 0-1

[Event "*** Titled Tuesday Blitz"]
[Site "Chess.com"]
[Date "2020.11.03"]
[Round "10"]
[White "Agoking701"]
[Black "PetrolulSah"]
[Result "1-0"]
[WhiteElo "2363"]
[BlackElo "2191"]
[TimeControl "180+1"]
[EndTime "12:00:29 PST"]
[Termination "Agoking701 won on time"]

1. e4 e5 2. Nf3 Nc6 3. Nc3 Nf6 4. Bb5 Nd4 5. Bc4 Nxf3+ 6. gxf3 Bc5 7. d3 d6 8. Rg1 Nh5 9. f4 Qh4 10. Qf3 exf4 11.
Nd5 Bb6 12. Nxf4 Nxf4 13. Bxf4 Qf6 14. O-O-O Be6 15. Bxe6 fxe6 16. Qg4 h5 17. Qg3 h4 18. Qg4 O-O 19. Bg5 Qxf2 20. Bxh4 Qf4+ 21. Kb1 Bxg1 22. Qxe6+ Qf7 23. Qxf7+ Rxf7 24. Rxg1 Raf8 25. c4 Rf1+ 26. Rxf1 Rxf1+ 27. Kc2 Rg1 28. Bg3 Rg2+ 29. Kc3 Kf7 30. a4 Ke6 31. b4 g5 32. a5 g4 33. d4 a6 34. c5 dxc5 35. d5+ Kd7 36. bxc5 Ra2 37. e5 Rxa5 38. e6+ Kd8 39. Kd4 Ra1 40. d6 Rd1+ 41. Ke5 cxd6+ 42. cxd6 a5 43. Kf6 Ke8 44. d7+ Kd8 45. Kf5 Rf1+ 46. Kxg4 Rd1 47.
Bh4+ Kc7 48. Kf5 a4 49. Kg6 a3 50. d8=Q+ 1-0

[Event "*** Titled Tuesday Blitz"]
[Site "Chess.com"]
[Date "2020.11.03"]
[Round "10"]
[White "korbul"]
[Black "barriochess"]
[Result "1-0"]
[WhiteElo "2530"]
[BlackElo "2365"]
[TimeControl "180+1"]
[EndTime "12:00:32 PST"]
[Termination "korbul won on time"]

1. e4 c5 2. Nf3 Nc6 3. d4 cxd4 4. Nxd4 e5 5. Nb5 d6 6. Bc4 Be6 7. Bb3 Nf6 8. N5c3 Nd4 9. Be3 Nxb3 10. axb3 a6 11.
Bg5 Be7 12. Bxf6 Bxf6 13. Nd5 Bg5 14. O-O O-O 15. c4 f5 16. exf5 Bxf5 17. Nbc3 Kh8 18. Qe2 Rf7 19. Ne4 Bh6 20. Rad1 Rd7 21. Rd3 Rc8 22.
Rfd1 Rc6 23. Ndc3 Qe7 24. Ng3 Bxd3 25. Rxd3 Qf7 26. Nge4 Qe6 27. g3 Rc8 28. Kg2 Rcd8 29. h4 Qf7 30. Qd1 Qe6 31. Nd5 Qg6 32. Qe2 Qe6 33. Nb6 Rc7 34. b4 g6 35. Qd1 Rc6 36. c5 Bf8 37. Rd5 Rxb6 38. cxb6 Be7 39. b5 axb5 40.
Qd3 Qd7 41. Nc3 b4 42. Ne4 Qc6 43. h5 gxh5 44. Qd1 h4 45. g4 Rg8 46. f3 Rf8 47. Qd3 Qxb6 48. Nxd6 h3+ 49. Kxh3 Qg1 50. Nf5 Qh1+ 51.
Kg3 Bg5 52. Rxe5 h5 53. gxh5 Qg1+ 54. Kh3 Bf4 55. Re8 1-0

[Event "*** Titled Tuesday Blitz"]
[Site "Chess.com"]
[Date "2020.11.03"]
[Round "10"]
[White "doons21"]
[Black "MattyDPerrine"]
[Result "1-0"]
[WhiteElo "2594"]
[BlackElo "2410"]
[TimeControl "180+1"]
[EndTime "12:00:33 PST"]
[Termination "doons21 won by checkmate"]

1. e4 c5 2. c3 Nf6 3. e5 Nd5 4. d4 cxd4 5. Nf3 e6 6. Bc4 Nb6 7. Bb3 d5 8. exd6 Bxd6 9. O-O O-O 10. cxd4 N8d7 11. Nc3 Nf6 12. Bg5 Be7 13. Re1 Bd7 14.
Bc2 Nbd5 15. Ne5 Rc8 16. Qf3 Bc6 17. Qh3 Nb4 18. Bb1 g6 19. Bh6 Qxd4 20. Bxf8 Rxf8 21. Nxc6 bxc6 22. Qe3 Bc5 23. Qxd4 Bxd4 24. Be4 Nbd5 25. Rac1 Rb8 26. Bxd5 cxd5 27. b3 a6 28. h3 Kf8 29.
Kf1 h5 30. f3 e5 31. Na4 Rd8 32. Rc6 Kg7 33. Rxa6 e4 34. Rd1 Be5 35. Nc5 exf3 36. gxf3 Kh6 37. Nd3 Bc3 38. Rc1 Bd4 39. Rc7 Kg5 40.
Rxf7 Re8 41. f4+ Kh4 42. Rfxf6 Bxf6 43. Rxf6 Re3 44. Nf2 Rf3 45. Rxg6 d4 46. Ke2 Re3+ 47. Kd2 Re8 48. Nd3 Rf8 49. Rd6 Rf5 50. Rxd4 Kg3 51. Rd6 h4 52. Rh6 Kxh3 53. Ke3 Kg3 54. b4 Rf8 55. a4 Re8+ 56. Ne5 h3 57. Rg6+ Kh2 58. Kf2 Rc8 59. Nf3+ Kh1 60. Rg1# 1-0

[Event "*** Titled Tuesday Blitz"]
[Site "Chess.com"]
[Date "2020.11.03"]
[Round "10"]
[White "A-S-00"]
[Black "TregubovP"]
[Result "0-1"]
[WhiteElo "2334"]
[BlackElo "2541"]
[TimeControl "180+1"]
[EndTime "12:00:34 PST"]
[Termination "TregubovP won by resignation"]

1. d4 Nf6 2. Nf3 e6 3. c4 Bb4+ 4. Bd2 Qe7 5. g3 Bxd2+ 6. Qxd2 Nc6 7. Nc3 d5 8. Bg2 O-O 9. O-O dxc4 10. a4 Rd8 11. Rfd1 h6 12. e3 e5 13. d5 Bg4 14.
Qe2 Nb4 15. Qxc4 e4 16. d6 cxd6 17. Qxb4 exf3 18. Bf1 a5 19. Qf4 Qe5 20. h3 Qxf4 21. exf4 Be6 22. Rd3 d5 23. Rxf3 d4 24. Nb5 Bf5 25.
Rfa3 Rd7 26. Rd1 Rad8 27. g4 Bc2 28. Rd2 d3 29. Nc3 Rd4 30. f5 Nh7 31. Bg2 h5 32.
Bxb7 hxg4 33. h4 Nf6 34. Bg2 Rf4 35. Nb5 Rxf5 36. Rc3 Rf4 37. b3 Rb4 38. Bf1 Rxb3 39. Rxb3 Bxb3 40. Rxd3 Rxd3 41. Bxd3 Bxa4 42. Nc3 Bb3 43.
Bb5 Nd5 44. Nb1 a4 45. Kg2 f5 46. Kg3 Kf7 47. f3 gxf3 48. Kxf3 Kf6 49. Kg3 Ke5 50. Kf3 Kd4 51. Na3 Kc5 52. Bd7 Kb4 53. Nb1 Bc2 54. Nd2 a3 55. Be6 a2 56. Bxd5 a1=Q 0-1

[Event "*** Titled Tuesday Blitz"]
[Site "Chess.com"]
[Date "2020.11.03"]
[Round "10"]
[White "chessmachine14"]
[Black "CarlssonLudvig"]
[Result "0-1"]
[WhiteElo "2346"]
[BlackElo "2432"]
[TimeControl "180+1"]
[EndTime "12:00:34 PST"]
[Termination "CarlssonLudvig won on time"]

1. e4 e5 2. Nf3 Nc6 3. Bb5 Nf6 4. d3 Bc5 5. O-O Nd4 6. Nxd4 Bxd4 7. c3 Bb6 8. Kh1 c6 9. Ba4 d5 10. exd5 Qxd5 11.
Be3 Bh3 12. Rg1 Bxe3 13. fxe3 Ng4 14. Qe2 Qxd3 15. Re1 Qe4 16. Bc2 Bxg2+ 17. Qxg2 Nf2+ 18. Kg1 Nh3+ 19. Qxh3 Qxc2 20. Qg2 Qa4 21. Nd2 O-O-O 22. Nf3 Rd6 23. Kh1 Rg6 24. Qh3+ Kb8 25. e4 Rh6 26. Qg3 Rg6 27. Qxe5+ Ka8 28. Rg1 Qc2 29.
Nh4 Re6 30. Qxg7 Qxe4+ 31. Ng2 Rd8 32. Rae1 Qf3 33. Rxe6 fxe6 34. Qe7 Rg8 35. Qxh7 Rf8 36. Qh6 e5 37. Qe3 Qf5 38. Nh4 Qh5 39. Ng6 Re8 40.
Nf4 Qf7 41. Nh3 Qd5+ 42. Rg2 Rg8 43. Qg1 a6 44. Nf2 Rh8 45. Qf1 e4 46. Kg1 e3 47.
Nd3 Qc5 48. Qe2 Qb6 49. Ne1 Rd8 50. Rg3 Rd2 51. Qxe3 Qd8 0-1

[Event "*** Titled Tuesday Blitz"]
[Site "Chess.com"]
[Date "2020.11.03"]
[Round "10"]
[White "cstevens1"]
[Black "maximnovik"]
[Result "1/2-1/2"]
[WhiteElo "2695"]
[BlackElo "2544"]
[TimeControl "180+1"]
[EndTime "12:00:35 PST"]
[Termination "Game drawn by repetition"]

1. Nf3 Nf6 2. g3 g6 3. Bg2 Bg7 4. O-O d5 5. d4 O-O 6. c4 dxc4 7. Na3 Nc6 8. Nxc4 Be6 9. b3 a5 10. a4 Nb4 11. Bb2 Bd5 12. e3 c6 13. Qe2 b5 14.
Ncd2 bxa4 15. Rxa4 Ne4 16. Rc1 Nxd2 17. Nxd2 Bxg2 18.
Kxg2 e5 19. dxe5 Nd3 20. Rb1 Bxe5 21. Bxe5 Nxe5 22. Rd4 Qe7 23. Nc4 Nxc4 24. Qxc4 c5 25. Rd5 Rfc8 26. Rbd1 Ra7 27. h4 h5 28. Rd6 Kh7 29. Qd5 Qb7 30. Rd7 Qxd5+ 31. R1xd5 Rcc7 32. Rxc7 Rxc7 33. Kf3 Kg7 34. Ke4 Rb7 35. Rxc5 Rxb3 36. Rxa5 Rb2 37. Kf3 Rb4 38. Rc5 Ra4 39. Rc6 Rb4 40.
Rd6 Ra4 41. Rd4 Ra5 42. Rd3 Ra2 43. e4 Ra4 44. Ke3 Ra2 45. f3 Rg2 46. Kf4 Re2 47. Rd5 Re1 48. Rd7 Re2 49. e5 Re1 50. Rb7 Re2 51.
Rb4 Ra2 52. Re4 Ra7 53. Rd4 Rb7 54. Rc4 Ra7 55. Rb4 Rc7 56. Rb3 Rc4+ 57. Kg5 Rc5 58. Kf4 Rc4+ 59. Ke3 Rc5 60. Ke4 Rc4+ 61. Kd5 Rc7 62.
f4 Ra7 63. Rc3 Ra5+ 64. Ke4 Ra4+ 65. Kd5 Ra5+ 66. Kd6 Ra6+ 67. Kd5 Ra5+ 1/2-1/2

[Event "*** Titled Tuesday Blitz"]
[Site "Chess.com"]
[Date "2020.11.03"]
[Round "10"]
[White "GM_Huschenbeth"]
[Black "Fins0905"]
[Result "1/2-1/2"]
[WhiteElo "2418"]
[BlackElo "2595"]
[TimeControl "180+1"]
[EndTime "12:00:36 PST"]
[Termination "Game drawn by repetition"]

1. e4 d5 2. exd5 Qxd5 3. Nc3 Qa5 4. d4 Nf6 5. Nf3 Bf5 6. Bd2 e6 7. Bc4 Bb4 8. a3 Bxc3 9. Bxc3 Qb6 10. O-O O-O 11. b4 Nc6 12. Bb2 Rad8 13. c3 e5 14. d5 Be4 15. Re1 Bxd5 16. Bxd5 Rxd5 17. Qc2 e4 18. c4 Rf5 19. Rxe4 Nxe4 20. Qxe4 Rh5 21.
Qg4 g6 22. Re1 Nd8 23. c5 Qc6 24. Qd4 f6 25. Re7 Qd5 26. Rxc7 Qxd4 27. Nxd4 a6 28. Rd7 Re8 29. h3 Rhe5 30. Kh2 Re1 31. Nf3 R1e2 32.
Bxf6 Nf7 33. Kg3 Ra2 34. Rxb7 Rxa3 35. h4 h5 36. Kh2 Rb3 37. Ng5 Nxg5 38. hxg5 Re4 39.
Rg7+ Kf8 40. f3 Re2 41. Rxg6 Rxb4 42. Kg3 Rc4 43. Rh6 Rxc5 44. Rxh5 a5 45. Rh8+ Kf7 46. Rh7+ Kf8 47. Rh8+ Kf7 48. Rh7+ Kg6 49. Rg7+ Kf5 50. Ra7 Rcc2 51. Rxa5+ Kg6 52. Kf4 Rc4+ 53. Kg3 Rcc2 54. Kg4 Rxg2+ 55. Kf4 Rc4+ 56. Ke3 Rc1 57. Kf4 Rc4+ 58.
Ke3 Rc1 59. Ra6 Kf5 60. Ra5+ Kg6 1/2-1/2

[Event "*** Titled Tuesday Blitz"]
[Site "Chess.com"]
[Date "2020.11.03"]
[Round "10"]
[White "aleksey1203borisovi4"]
[Black "Radzio1987"]
[Result "0-1"]
[WhiteElo "2501"]
[BlackElo "2820"]
[TimeControl "180+1"]
[EndTime "12:00:37 PST"]
[Termination "Radzio1987 won by resignation"]

1. g3 d5 2. Bg2 c6 3. d3 Nf6 4. Nc3 e5 5. e4 dxe4 6. Nxe4 Nxe4 7.
Bxe4 Nd7 8. Bg2 Bc5 9. Nf3 O-O 10.
O-O Re8 11. Bd2 Nf6 12. Bc3 e4 13. Ne5 exd3 14. Nxd3 Bd4 15. Qd2 Bf5 16. Rad1 Ne4 17. Qf4 Bg6 18. Bxd4 Qxd4 19. c3 Qf6 20. f3 Qxf4 21.
Nxf4 Nc5 22. Nxg6 hxg6 23. Kf2 Kf8 24. Rd4 Rad8 25. Rfd1 Rxd4 26. Rxd4 Ke7 27. f4 a5 28. h4 Ra8 29. Bh3 Ra6 30. f5 Rb6 31. b3 gxf5 32.
Bxf5 g6 33. Bc2 Ra6 34. g4 Ne6 35. Re4 Kf6 36. Kg3 Ra8 37. Re2 Rd8 38. Be4 Rd1 39. Rf2+ Ke7 40. h5 gxh5 41. gxh5 Ng5 42. Bc2 Rh1 43. Rh2 Rxh2 44. Kxh2 Kf6 45. Kg3 Ne6 46. Kg4 Nc7 47. h6 Nd5 48. c4 Ne3+ 49. Kf3 Nxc2 50. Ke4 Nb4 51. a3 Nc2 52. a4 Kg6 53.
Ke5 Na1 54. Kd6 Nxb3 55. h7 Kxh7 56. Kc7 f5 57. Kxb7 f4 58. Kxc6 f3 59. Kb5 f2 60. c5 f1=Q+ 61. Kc6 Qc4 0-1

[Event "*** Titled Tuesday Blitz"]
[Site "Chess.com"]
[Date "2020.11.03"]
[Round "10"]
[White "tteshan"]
[Black "Tomekas1"]
[Result "0-1"]
[WhiteElo "2355"]
[BlackElo "2457"]
[TimeControl "180+1"]
[EndTime "12:00:39 PST"]
[Termination "Tomekas1 won by resignation"]

1. e4 c5 2. Nf3 g6 3. c3 d5 4.
exd5 Qxd5 5. d4 Nc6 6. Be3 cxd4 7. Nxd4 Bg7 8. Nxc6 Qxd1+ 9. Kxd1 bxc6 10. Bc4 Bg4+ 11.
f3 Bf5 12. Nd2 Nf6 13. Ke2 Nd5 14. Bc5 Nf4+ 15. Kf2 Bd3 16. Be3 Bxc4 17. Nxc4 Nd5 18. Bc5 Nf4 19. Rad1 Bf6 20. g3 Nd5 21. Rhe1 O-O 22.
Ne5 Rfb8 23. Rd2 Rb5 24. Bd4 c5 25. c4 Ra5 26. Bxc5 Rxc5 27. cxd5 Rd8 28. Ng4 Rcxd5 29. Nxf6+ exf6 30. Rxd5 Rxd5 31. Re8+ Kg7 32. Ke3 Rd1 33.
Ke2 Rb1 34. Rb8 Rh1 35. h4 f5 36. Rb7 f4 37. gxf4 Rxh4 38. Ke3 Rh2 39. a4 a5 40.
Rb5 h5 41. Rxa5 Rxb2 42. f5 g5 43. f4 g4 44. f6+ Kh6 45. Ra7 g3 46. Rxf7 g2 47.
Rg7 h4 48. Rg8 Rb3+ 49. Ke4 Rg3 50. Rxg3 hxg3 51. f7 Kg7 52. f8=Q+ Kxf8 53. a5 g1=Q 54. a6 Qa7 55. Kf3 Qxa6 56. Kxg3 Qc4 57. Kg4 Kf7 58. Kg5 Qe6 59. f5 Qe4 60. f6 Qg6+ 0-1

[Event "*** Titled Tuesday Blitz"]
[Site "Chess.com"]
[Date "2020.11.03"]
[Round "10"]
[White "Mimsychess"]
[Black "Bacyanide"]
[Result "1/2-1/2"]
[WhiteElo "2331"]
[BlackElo "2406"]
[TimeControl "180+1"]
[EndTime "12:00:40 PST"]
[Termination "Game drawn by agreement"]

1. e4 e5 2. Nf3 Nc6 3. Bb5 a6 4. Ba4 Nf6 5. O-O b5 6. Bb3 Bc5 7. c3 d6 8. d4 Bb6 9. h3 O-O 10. Be3 Bd7 11. d5 Ne7 12. Bxb6 cxb6 13. Nbd2 Ng6 14. Re1 Nf4 15. Nf1 N6h5 16. Ng3 Nxg3 17.
fxg3 Ng6 18. Qd2 f5 19. exf5 Rxf5 20. Bc2 Rf6 21. Ng5 Qe7 22. h4 h6 23. Ne4 Rf7 24. Ng5 Rf6 25. Ne6 Nf8 26. Rad1 Nxe6 27. dxe6 Bxe6 28.
Qxd6 Qxd6 29. Rxd6 Bg4 30. Rxf6 gxf6 31. Kf2 Rd8 32. Ke3 Kf7 33. Ra1 Ke7 34. a4 bxa4 35.
Rxa4 Bc8 36. b4 Rg8 37. Kf2 Rd8 38. Ke3 Bb7 39. Be4 b5 40. Ra2 Bxe4 41. Kxe4 Rd6 42. g4 Ke6 43. g3 Rc6 44. Kd3 Kd5 45. Rf2 e4+ 46. Kd2 Kc4 47. Rf4 Re6 48. Kc2 Kd5 49. Kd2 Kc4 50. Kc2 Kd5 51. Kd2 Rd6 52.
Ke3 Re6 53. Rf5+ Kc4 54. Rc5+ Kb3 55. Rc8 Re5 56. h5 Re6 57. Rc7 Kb2 58. Rc8 Kb3 1/2-1/2

[Event "*** Titled Tuesday Blitz"]
[Site "Chess.com"]
[Date "2020.11.03"]
[Round "10"]
[White "chito89"]
[Black "Oleksandr_Bortnyk"]
[Result "1-0"]
[WhiteElo "2810"]
[BlackElo "2908"]
[TimeControl "180+1"]
[EndTime "12:00:41 PST"]
[Termination "chito89 won on time"]

1. c4 d6 2. d4 e5 3. Nc3 exd4 4. Qxd4 Nc6 5. Qd2 Nf6 6. g3 g6 7. Bg2 Bg7 8. Nh3 O-O 9. Nf4 Ne5 10. b3 c6 11. Bb2 Qa5 12. O-O Rd8 13. Rad1 a6 14.
Ncd5 Qxd2 15. Nxf6+ Bxf6 16. Rxd2 Bf5 17. Rfd1 Rac8 18. h3 h5 19. Kf1 b5 20. Rxd6 Rxd6 21. Rxd6 Nxc4 22. Rxf6 Nxb2 23. Rxc6 Rd8 24. Bf3 Rd2 25.
g4 hxg4 26. hxg4 Bb1 27. Rxa6 Nd1 28. Nd5 b4 29. Nxb4 Nc3 30. a4 Rd1+ 31. Kg2 f5 32. Rc6 Ne4 33. Rxg6+ Kf7 34. gxf5 Nf6 35. Rg5 Re1 36.
Nc6 Ne4 37. Rg6 Nf6 38. Ne5+ Ke7 39. Ng4 Nd7 40. Rg7+ Kd6 41. f6 Bf5 42. f7 Ke7 43. Nh6 Be6 44. Bh5 Bd5+ 45. f3 Nf8 46. Kf2 Rb1 47. Rg8 Be6 48. Bg4 Bxb3 49. a5 Rh1 50. Nf5+ Kxf7 51. Rg7+ Kf6 52. Rb7 Be6 53.
Rb6 Ke5 54. Ng3 Bxg4 55. Nxh1 Be6 56. a6 Nd7 57. Rb5+ Kd6 58. a7 Bc4 59. Rb4 Bd5 60. Rd4 Nb6 61. e4 Kc5 62. Rxd5+ Nxd5 63. exd5 1-0

[Event "*** Titled Tuesday Blitz"]
[Site "Chess.com"]
[Date "2020.11.03"]
[Round "10"]
[White "Flopezin"]
[Black "KaterinaMiroshnik"]
[Result "0-1"]
[WhiteElo "2385"]
[BlackElo "2545"]
[TimeControl "180+1"]
[EndTime "12:00:43 PST"]
[Termination "KaterinaMiroshnik won on time"]

1. c4 e6 2. d4 Nf6 3. Nf3 d5 4.
g3 dxc4 5. Qa4+ Bd7 6. Qxc4 b5 7. Qc2 Bc6 8. Bg2 Be7 9. O-O O-O 10. Bg5 Be4 11. Qb3 a6 12. Nc3 Bb7 13. Rfd1 Nbd7 14. Ne5 Bxg2 15. Kxg2 Qe8 16. Rac1 Rc8 17. Nc6 Nd5 18.
Bxe7 Nxe7 19. Ne4 Nxc6 20. Rxc6 Nb6 21. Rdc1 Qd7 22. e3 h5 23. Qc2 Qd5 24. Rc5 Qxa2 25. Rxh5 f5 26. Nc5 a5 27. b3 Qxc2 28. Rxc2 Rf6 29.
Ra2 Ra8 30. h3 Kf7 31. g4 Rh6 32. Rxh6 gxh6 33. Kf3 Ke7 34. Kf4 fxg4 35. hxg4 a4 36. bxa4 bxa4 37. Ke4 Ra5 38. Nd3 a3 39. f4 Nc4 40. Ne5 Nd6+ 41. Kd3 Ra6 42. Nc4 Nb5 43. f5 exf5 44. gxf5 Kf6 45. e4 Ra4 46. d5 h5 47.
e5+ Kxf5 48. e6 Kf6 49. Rf2+ Ke7 50. Rf7+ Ke8 51. Rf1 a2 52. Ra1 Nd6 53. Ne3 Ra3+ 54.
Ke2 h4 55. Nc2 Ra4 56. Kf3 Nf5 57. Ne3 Nd4+ 58. Kg2 Nb3 59. Rf1 a1=Q 60. Rg1 Qb2+ 0-1

[Event "*** Titled Tuesday Blitz"]
[Site "Chess.com"]
[Date "2020.11.03"]
[Round "10"]
[White "vovachesss"]
[Black "LisikValera"]
[Result "0-1"]
[WhiteElo "2653"]
[BlackElo "2537"]
[TimeControl "180+1"]
[EndTime "12:00:46 PST"]
[Termination "LisikValera won by resignation"]

1. d4 d5 2. Nc3 e6 3. e4 Bb4 4.
exd5 exd5 5. Bd3 Ne7 6. Ne2 Bf5 7. Bf4 Bd6 8. f3 O-O 9. g4 Bxd3 10. Qxd3 Bxf4 11.
Nxf4 Qd6 12. Qd2 Nd7 13. O-O-O Nb6 14. b3 a5 15. a4 c6 16. Rhe1 Rfe8 17. Nd3 Nd7 18.
Qf4 Qxf4+ 19. Nxf4 Ng6 20. Nd3 Nh4 21. f4 f6 22. Rf1 Re3 23. Rde1 Rae8 24. Kd2 Rxe1 25. Nxe1 Nb6 26. Nd3 Nc8 27. Nc5 Nd6 28. f5 Kf7 29.
Kd3 g6 30. fxg6+ hxg6 31. Nd7 Re6 32. Ne2 g5 33. Ng3 Ng2 34. Nh5 Re3+ 35. Kd2 Ne4+ 36. Kc1 Re2 37. Ndxf6 Ne3 38. Nxe4+ Nxf1 39. Nxg5+ Ke7 40.
h4 Ne3 41. Ng3 Rxc2+ 42. Kb1 Rg2 43. Nf5+ Nxf5 44. gxf5 Kf6 45. Ne6 Kxf5 46. Nc5 Rg7 47. Kb2 b6 48. Nd3 Ke4 49. Ne5 Rc7 50. Kc3 c5 51. Ng4 cxd4+ 52. Kd2 Rf7 53. h5 Rf4 54. Nh6 Rf2+ 55. Kc1 Kd3 56. Ng4 Rg2 57. Ne5+ Kc3 58.
Kb1 d3 59. Nf3 Rf2 60. h6 Rxf3 61. h7 Rh3 62. h8=Q+ 0-1

[Event "*** Titled Tuesday Blitz"]
[Site "Chess.com"]
[Date "2020.11.03"]
[Round "10"]
[White "djano"]
[Black "Goryachkina"]
[Result "1/2-1/2"]
[WhiteElo "2470"]
[BlackElo "2592"]
[TimeControl "180+1"]
[EndTime "12:00:48 PST"]
[Termination "Game drawn by repetition"]

1. d4 d5 2. Nf3 Nf6 3. Bf4 Bf5 4. e3 e6 5. c4 dxc4 6. Nc3 Bd6 7. Bxd6 cxd6 8. Bxc4 O-O 9. O-O d5 10. Bd3 Bxd3 11.
Qxd3 Nc6 12. Qb5 Qe7 13. Rfc1 Rfc8 14. Nd2 Ne8 15. h3 Nd6 16. Qe2 h6 17. Nb5 Na5 18. b3 a6 19. Nxd6 Qxd6 20. Qd3 Qa3 21. Rc2 Rxc2 22. Qxc2 Nc6 23. Qc1 Qa5 24. a3 Rc8 25.
Qb2 Na7 26. Rc1 Rxc1+ 27. Qxc1 Nb5 28. Qc8+ Kh7 29. Nf3 Qc7 30. Qxc7 Nxc7 31. Kf1 f6 32. Ke2 Kg6 33. Kd3 Kf7 34. a4 Ke7 35. Ne1 Kd6 36.
f4 a5 37. g4 Kc6 38. Nc2 b5 39. Na3 b4 40. Nb1 Ne8 41. Nd2 Nd6 42. e4 dxe4+ 43. Nxe4 Nc8 44. Nc5 e5 45. fxe5 fxe5 46. Ne6 exd4 47.
Nxg7 Nd6 48. Kxd4 Nb7 49. Kd3 Nc5+ 50. Kc4 Ne4 51. Nf5 Nd2+ 52. Kd3 Nxb3 53. Nxh6 Nc5+ 54. Kc4 Nxa4 55. Nf5 Nb6+ 56. Kb3 Kb5 57. Nd4+ Kc5 58.
Ne6+ Kb5 59. Nd4+ Kc5 60. Ne6+ Kb5 61. Nd4+ 1/2-1/2